AoeStats
← Adiel

African Clearing

510463539Analyzed
2v2 RM · 1d ago on Oct 1, 2026· 25m 52s· 4 players
Game mode
Random Map
Map size
Medium (4 player)
Population
200
Speed
Normal
Resources
Standard
Victory
Conquest
Starting age
Dark Age
Ending age
Imperial Age
RankedLock teamsTeams togetherTeam positionsShared explorationLock speedFull tech treeHidden civsTurbo modeCheats
Victory
Defeat
🇨🇳 Huns · China
1122
+15
🇨🇳 Persians · China
1121
+15
🇬🇹 Huns · Guatemala
1126
-16
🇬🇹 Magyars · Guatemala
1076
-14
Adiel
12:25 Feudal Age
12:24 Loom
15:46 Bloodlines
15:46 Town Watch
16:34 Double-Bit Axe
21:07 Gold Mining
23:28 Castle Age
21:45 Horse Collar
24:13 Wheelbarrow
Jaffeth15
8:57 Loom
14:11 Feudal Age
14:44 Town Watch
22:21 Double-Bit Axe
yanglegeyang
5:13 Loom
13:20 Feudal Age
15:14 Bloodlines
17:22 Scale Barding Armor
18:27 Forging
25:47 Castle Age
23:46 Double-Bit Axe
23:42 Horse Collar
26:47 Wheelbarrow
26:24 Bow Saw
755583871
5:36 Loom
14:53 Feudal Age
19:45 Castle Age
21:16 Scale Barding Armor
22:28 Bloodlines
23:05 Forging
26:08 Husbandry
26:30 Chain Barding Armor
Connection lost

Rejoining the realm…

Still unreachable

The connection could not be restored.

Session expired

The server has moved on; the page needs a fresh start.